 Dungeon Crawl Stone Soup version 0.21-a0-88-g13b9641 (webtiles) character file.

128 grisnicke the Vexing (level 4, -1/34 HPs)
             Began as a Vampire Arcane Marksman on June 27, 2017.
             Was an Initiate of Okawaru.
             Slain by a hippogriff (11 damage)
             ... on level 4 of the Dungeon.
             The game lasted 00:15:49 (2931 turns).

grisnicke the Vexing (Vampire Arcane Marksman)      Turns: 2931, Time: 00:15:49

Health: -1/34      AC:  0    Str: 10    XL:     4   Next: 87%
Magic:  3/5        EV: 25    Int: 15    God:    Okawaru [......]
Gold:   144        SH:  3    Dex: 24    Spells: 2/5 levels left

rFire    . . .     SeeInvis +   (weapon currently unavailable)
rCold    + . .     Gourm    .   (shield currently unavailable)
rNeg     + + .     Faith    .   (armour currently unavailable)
rPois    +         Spirit   .   (helmet currently unavailable)
rElec    .         Reflect  +   (cloak currently unavailable)
rCorr    .         Harm     .   (gloves currently unavailable)
MR       .....                  (boots currently unavailable)
Stlth    ++++++....             v - +3 amulet of reflection
HPRegen  0.05/turn              (ring currently unavailable)
MPRegen  0.09/turn              (ring currently unavailable)

@: agile, bat-form, flying, regenerating slowly, very quick
A: fangs 3, see invisible
a: End Transformation, Renounce Religion


You were on level 4 of the Dungeon.
You worshipped Okawaru.
Okawaru was noncommittal.
You were thirsty.
You were in vampire-bat-form.
You visited 1 branch of the dungeon, and saw 4 of its levels.

You collected 144 gold pieces.

Inventory:

Hand Weapons
 a - a +2 spear of freezing
   (You found it on level 1 of the Dungeon)
 b - a +0 hand crossbow (melded)
 h - a +0 falchion
   (You found it on level 1 of the Dungeon)
 y - a +0 blowgun
   (You took it off a kobold on level 3 of the Dungeon)
Missiles
 d - 16 bolts
 g - 2 throwing nets {=f, !d}
 z - 13 poisoned needles
 A - 23 stones (quivered)
Armour
 f - a +0 robe
 i - a +0 scale mail
   (You found it on level 1 of the Dungeon)
 m - a +0 leather armour (melded)
   (You found it on level 1 of the Dungeon)
 p - a +0 pair of boots (melded)
   (You found it on level 1 of the Dungeon)
 r - a +0 ring mail
   (You found it on level 2 of the Dungeon)
Jewellery
 v - a +3 amulet of reflection (around neck)
   (You found it on level 2 of the Dungeon)
Scrolls
 k - a scroll of amnesia {unknown}
 l - a scroll of immolation {unknown}
 n - a scroll of remove curse {unknown}
 q - a scroll of blinking {!r}
 u - a scroll of noise {unknown}
 x - a scroll of enchant weapon {unknown}
Potions
 e - 14 potions of blood {@q1}
 j - a potion of flight {unknown}
 o - a potion of curing {unknown}
 s - a potion of haste {unknown}
 B - a potion of degeneration {unknown}
Books
 c - a book of Debilitation


   Skills:
 - Level 2.6 Fighting
 + Level 1.9 Crossbows
 - Level 2.1 Dodging
 - Level 2.1 Stealth
 + Level 1.1 Spellcasting
 - Level 6.2 Hexes


You had 2 spell levels left.
You knew the following spells:

 Your Spells              Type           Power        Failure   Level  Hunger
s - Slow                  Hex            ###.....     2%          2    ###....
v - Corona                Hex            ###....      1%          1    ##.....


Dungeon Overview and Level Annotations

Branches:
Dungeon (4/15)
 Temple: D:4-7

Altars:
Okawaru
Sif Muna

Annotations:
D:3 Sigmund; mopl's ghost, amateur BaHu
D:4 exclusions: 2 orc priests and 2 orc wizards


Innate Abilities, Weirdness & Mutations

You heal slowly.
You have razor-sharp teeth.
You have supernaturally acute eyesight. (SInv)
((You can survive without breathing.))


Message History

Your +0 leather armour melds into your body.
Your +2 spear of freezing stops glowing.
The hippogriff misses you. The hippogriff pecks you! The hippogriff claws you!
You take 16 damage, and have 18/34 hp.
MASSIVE DAMAGE!!
You now have 3/5 mp.
You now have 144 gold pieces (gained 15).
There is a stone staircase leading up here.
You fly upwards.
Level annotation: Sigmund; mopl's ghost, amateur BaHu
There is a stone staircase leading down here.
MP restored: 5
d - 16 bolts (gained 1)
There is a stone staircase leading up here.
Mopl's ghost turns its malevolent gaze towards you.
There is a stone staircase leading up here.
You fly upwards.
There is a stone staircase leading down here.
A - 23 stones (gained 1)
You see here an enchanted short sword.
There is an open door here.
There is an open door here.
You see here a meat ration {@e2}.
You see here a club.
There is a stone staircase leading down here.
You regained 3 hp, and now have 25/34 hp.
You start resting.
Health restored: 34
Okay, then.
You fly downwards.
Level annotation: Sigmund; mopl's ghost, amateur BaHu
There is a stone staircase leading up here.
You see here a club.
You are feeling thirsty.
Sigmund shouts!
Sigmund points at you and mumbles some strange words.
The magic dart hits you!
You take 8 damage, and have 26/34 hp.
MASSIVE DAMAGE!!
You see here a club.
You see here a club.
You see here a club.
There is a stone staircase leading up here.
There is a stone staircase leading up here.
An adder comes into view.
Your transformation has ended.
Your +2 spear of freezing unmelds from your body.
Your +0 pair of boots unmelds from your body.
Your +0 leather armour unmelds from your body.
Your +2 spear of freezing glows with a cold blue light!
There is a stone staircase leading down here.
You puncture the adder! You freeze the adder. The adder bites you.
You take 2 damage, and have 27/34 hp.
You hit the adder. You freeze the adder.
You kill the adder!
Okawaru accepts your kill.
You climb downwards.
Level annotation: exclusions: 2 orc priests and 2 orc wizards
There is a stone staircase leading up here.
Your +2 spear of freezing stops glowing.
b - a +0 hand crossbow (weapon)
Aim: a hippogriff (chance to defeat MR: 52%)
The hippogriff resists with significant effort.
You now have 3/5 mp.
Aim: a hippogriff (chance to defeat MR: 52%)
The hippogriff resists with significant effort.
You now have 1/5 mp.
You don't have enough magic to cast that spell.
You climb upwards.
Level annotation: Sigmund; mopl's ghost, amateur BaHu
There is a stone staircase leading down here.
You start resting.
One of your 15 potions of blood {@q1} rots away.
You regained 3 hp, and now have 30/34 hp.
MP restored: 5
There is a stone staircase leading down here.
Okay, then.
As you read the scroll labeled LULOQEAGYS, it crumbles to dust.
It is a scroll of identify.
t - a potion of agility
As you read the scroll of identify, it crumbles to dust.
q - a scroll of blinking You feel agile all of a sudden.
You climb downwards.
Level annotation: exclusions: 2 orc priests and 2 orc wizards The hippogriff bites you but does no damage.
The hippogriff closely misses you. The hippogriff misses you.
The hippogriff bites you! The hippogriff pecks you. The hippogriff claws you!
* * * LOW HITPOINT WARNING * * *
There is a stone staircase leading up here.
You take 21 damage, and have 10/34 hp.
MASSIVE DAMAGE!!
Aim: a hippogriff
Okay, then.
You turn into a vampire bat.
Your +0 hand crossbow melds into your body.
Your +0 pair of boots melds into your body.
Your +0 leather armour melds into your body.
The hippogriff bites you!
You die...

### ### ###.#####.#
#...H.....#
#.#b#####.# #.#.#
#.####### #.#.#
#.#.....# #.#.#
#.♣.♣♣♣.##
#.#.#####...PP♣..###
#.#.##.##.♣..P♣.....
#.#.##.###♣♣........
#.#.##.#.>♣♣P♣♣.....
#.#.......#####.....


You could see a hippogriff.

Vanquished Creatures
  4 adders
  5 dart slugs
  3 leopard geckos
  13 orcs
  6 giant cockroaches
  10 goblins
  9 hobgoblins
  2 ball pythons (D:3)
  2 bats
  2 frilled lizards
  4 kobolds
  3 rats
  A bush (D:4)
64 creatures vanquished.

Notes
Turn   | Place    | Note
-------+----------+-------------------------------------------
     0 | D:1      | grisnicke the Vampire Arcane Marksman began the quest for the Orb.
     0 | D:1      | Reached XP level 1. HP: 14/14 MP: 2/2
   127 | D:1      | Found an iron altar of Okawaru.
   141 | D:1      | Reached skill level 1 in Stealth
   160 | D:1      | Became a worshipper of Warmaster Okawaru
   199 | D:1      | Reached XP level 2. HP: 20/20 MP: 3/3
   210 | D:1      | Learned a level 2 spell: Slow
   368 | D:1      | Reached skill level 5 in Hexes
   409 | D:1      | Reached skill level 2 in Stealth
   493 | D:1      | Reached skill level 1 in Fighting
   844 | D:2      | Reached XP level 3. HP: 26/26 MP: 4/4
  1339 | D:2      | Reached skill level 2 in Fighting
  1557 | D:3      | Reached XP level 4. HP: 31/33 MP: 5/5
  1579 | D:3      | Reached skill level 6 in Hexes
  1610 | D:3      | Noticed Sigmund
  1888 | D:3      | Found a deep blue altar of Sif Muna.
  2056 | D:3      | Noticed mopl's ghost (amateur BaHu)
  2546 | D:4      | Noticed an ogre
  2547 | D:4      | Noticed a hippogriff
  2931 | D:4      | Slain by a hippogriff

Vault maps used:
D:1:      nicolae_arrival_memento_mori, okawaru_ov_weapons_minmay
D:3:      led_sif_pool, uniq_sigmund
D:4:      lemuel_round_altar, serial_forest, infiniplex_forest_straight_5,
          infiniplex_forest_corner_1, infiniplex_forest_straight_3,
          infiniplex_forest_lined_ring, infiniplex_forest_clump_large,
          uniq_pikel

Skill      XL: |  1  2  3  4 |
---------------+-------------+-----
Stealth        | 1 2 |  2.1
Hexes          | 5 6 |  6.2
Fighting       | 1 2 |  2.6
Crossbows      | |  1.9
Dodging        | |  2.1
Spellcasting   | |  1.1

Action                   |  1- 3 |  4- 6 || total
-------------------------+-------+-------++-------
Melee: Spear             |    88 |   154 ||   242
       Bite              |     6 |    22 ||    28
 Fire: Hand crossbow     |    28 |       ||    28
 Cast: Slow              |       |     2 ||     2
 Abil: Bat Form          |       |     2 ||     2
       End Transformatio |       |     1 ||     1
  Use: Potion            |       |     5 ||     5
       Scroll            |       |     2 ||     2
 Stab: Sleeping          |     6 |     5 ||    11
       Distracted        |     1 |     2 ||     3
Armor: Leather armour    |    15 |    11 ||    26
Dodge: Dodged            |    40 |    20 ||    60
Block: Other             |     2 |     4 ||     6
       Reflection        |     1 |     1 ||     2

Vault maps used:
D:1:      nicolae_arrival_memento_mori, okawaru_ov_weapons_minmay
D:3:      led_sif_pool, uniq_sigmund
D:4:      lemuel_round_altar, serial_forest, infiniplex_forest_straight_5,
          infiniplex_forest_corner_1, infiniplex_forest_straight_3,
          infiniplex_forest_lined_ring, infiniplex_forest_clump_large,
          uniq_pikel

Table legend:
 A = Turns spent in this place as a percentage of turns spent in the entire game.
 B = Non-inter-level travel turns spent in this place as a percentage of non-inter-level travel turns spent in the entire game.
 C = Inter-level travel turns spent in this place as a percentage of turns spent in this place.
 D = Turns resting spent in this place as a percentage of non-inter-level travel turns spent in this place.
 E = Turns spent auto-exploring this place as a percentage of non-inter-level travel turns spent in this place.
 F = Non-inter-level travel turns spent in this place divided by the number of levels of this place that you've seen.
                   A       B       C       D       E      F
               +-------+-------+-------+-------+-------+----------------------
         Total | 100.0 | 100.0 |   0.4 |   1.2 |   3.6 | 289.8
       Dungeon | 100.0 | 100.0 |   0.4 |   1.2 |   3.6 | 289.8
               +-------+-------+-------+-------+-------+----------------------

Table legend:
 A = Kills in this place as a percentage of kills in entire the game.
 B = Kills by you in this place as a percentage of kills by you in the entire game.
 C = Kills by friends in this place as a percentage of kills by friends in the entire game.
 D = Other kills in this place as a percentage of other kills in the entire game.
 E = Experience gained in this place as a percentage of experience gained in the entire game.
 F = Experience gained in this place divided by the number of levels of this place that you have seen.
                   A       B       C       D       E      F
               +-------+-------+-------+-------+-------+----------------------
         Total | 100.0 | 100.0 |  -nan |  -nan | 100.0 |  46.0
       Dungeon | 100.0 | 100.0 |  -nan |  -nan | 100.0 |  46.0
               +-------+-------+-------+-------+-------+----------------------
